 Dungeon Crawl Stone Soup version 0.28.0-1-gb440e238dd (webtiles) character file.

Game seed: 2022654306797321096

151 themarg the Conjurer (level 5, -1/28 HPs)
             Began as a Tengu Conjurer on Feb 22, 2022.
             Killed from afar by Ijyb (29 damage)
             ... with a bolt of acid
             ... on level 3 of the Dungeon.
             The game lasted 00:05:50 (2619 turns).

themarg the Conjurer (Tengu Conjurer)               Turns: 2619, Time: 00:05:51

Health: -1/28      AC:  2    Str:  7    XL:     5   Next: 33%
Magic:  8/10       EV: 15    Int: 20    God:
Gold:   88         SH:  0    Dex: 13    Spells: 6/9 levels left

rFire   . . .      SeeInvis .   b - +0 short sword
rCold   . . .      Faith    .   (no shield)
rNeg    . . .      Spirit   .   a - +0 robe
rPois   .          Reflect  .   (helmet restricted)
rElec   .          Harm     .   (no cloak)
rCorr   .          Rampage  .   (no gloves)
Will    .....                   (boots unavailable)
Stlth   ++........              (no amulet)
HPRegen 0.09/turn               (no ring)
MPRegen 0.12/turn               (no ring)

@: flying quickly and evasively, quick
A: beak, talons 3, nimble flight
a: no special abilities


You were on level 3 of the Dungeon.
You visited 1 branch of the dungeon, and saw 3 of its levels.

You collected 88 gold pieces.

Inventory:

Hand Weapons
 b - a +0 short sword (weapon)
Missiles
 h - 65 stones
Armour
 a - a +0 robe (worn)
Jewellery
 e - an amulet of guardian spirit
Scrolls
 c - a scroll of fog {unknown}
 f - 2 scrolls of identify {unknown}
 i - a scroll of enchant weapon {unknown}
 j - a scroll of teleportation {unknown}
Potions
 d - a potion of brilliance {unknown}
 g - a potion of berserk rage {unknown}


   Skills:
 + Level 1.2 Short Blades
 + Level 2.7 Dodging
 + Level 2.7 Stealth
 + Level 2.7 Spellcasting
 + Level 7.1 Conjurations


You had 6 spell levels left.
You knew the following spells:

 Your Spells              Type           Power      Damage    Failure   Level
a - Magic Dart            Conj           100%       1d8       1%          1
b - Searing Ray           Conj           62%        2d6       1%          2

Your spell library contained the following spells:

 Spells                   Type           Power      Damage    Failure   Level
 Dazzling Flash           Conj/Hex       32%        N/A       11%         3
 Stone Arrow              Conj/Erth      32%        3d9       11%         3
 Fulminant Prism          Conj/Hex       8%         3d7       34%         4
 Iskenderun's Mystic Bla  Conj/Tloc      16%        2d5       34%         4
 Animate Armour           Summ/Erth      4%         N/A       82%         4
 Lehudib's Crystal Spear  Conj/Erth      8%         10d3      100%        8


Dungeon Overview and Level Annotations

Branches:
Dungeon (3/15)

Altars:

Annotations:
D:3 Ijyb


Innate Abilities, Weirdness & Mutations

You have a beak for a mouth.
You have claws for feet.
Your magical nature lets you fly swiftly and evasively.


Message History

Aim: an orc, wielding a +0 hand axe (heavily wounded, 100% to hit)
The magic dart hits the orc.
The orc is severely wounded.
Casting: Magic Dart (safe; 1% risk of failure)
Confirm with . or Enter, or press ? or * to list all spells.
Aiming: Magic Dart (safe; 1% risk of failure)
Press: ? - help, Shift-Dir - straight line, f/p - orc
Aim: an orc, wielding a +0 hand axe (severely wounded, 100% to hit)
The magic dart hits the orc!
You kill the orc!
You start resting.
Magic restored.
Things that are here:
a +0 hand axe; an orc corpse You now have 88 gold pieces (gained 10).
Things that are here:
a +0 hand axe; an orc corpse You reach down and open the door.
There is an open door here.
Found 16 arrows.
Ijyb the Twisted Goblin comes into view.
She is wielding a +0 dagger and carrying a wand of acid (12).
You see here 16 arrows.
Casting: Magic Dart (safe; 1% risk of failure)
Confirm with . or Enter, or press ? or * to list all spells.
Aiming: Magic Dart (safe; 1% risk of failure)
Press: ? - help, Shift-Dir - straight line, f - Ijyb
Aim: Ijyb, wielding a +0 dagger, wearing a +0 leather armour and carrying a wand of acid (12) (asleep, 100% to hit)
The magic dart hits Ijyb.
Ijyb is lightly wounded.
Ijyb shouts!
Casting: Magic Dart (safe; 1% risk of failure)
Confirm with . or Enter, or press ? or * to list all spells.
Aiming: Magic Dart (safe; 1% risk of failure)
Press: ? - help, Shift-Dir - straight line, f/p - Ijyb
Aim: Ijyb, wielding a +0 dagger, wearing a +0 leather armour and carrying a wand of acid (12) (lightly wounded, 100% to hit)
The magic dart hits Ijyb but does no damage.
Ijyb is lightly wounded.
Ijyb zaps a wand.
The bolt of acid hits you!!
Ouch! That really hurt!
You die...

#.#.# ##.#
#...#...
#..##.##
######......###
#.............#
#.#####.#####.#
#....##.#
##...##.#
#...##@#
#...##.....g.#
##'#########.#
#.# #.# ####.#
#....#
###.#########
#...........#


You could see Ijyb.

Vanquished Creatures
  A bullfrog zombie (D:3)
  A bullfrog skeleton (D:2)
  An adder (D:2)
  A worm (D:2)
  2 dart slugs
  An orc (D:3)
  9 bats
  4 endoplasms
  5 giant cockroaches
  8 goblins
  4 hobgoblins
  4 jackals (D:3)
  7 kobolds
  3 quokkas (D:2)
  7 ball pythons
  5 frilled lizards
  6 rats
69 creatures vanquished.

Notes
Turn   | Place    | Note
-------+----------+-------------------------------------------
     0 | D:1      | themarg the Tengu Conjurer began the quest for the Orb.
     0 | D:1      | Reached XP level 1. HP: 10/10 MP: 4/4
   138 | D:1      | Reached XP level 2. HP: 15/15 MP: 6/6
   144 | D:1      | Learned a level 2 spell: Searing Ray
   479 | D:1      | Reached skill level 6 in Conjurations
   479 | D:1      | Reached XP level 3. HP: 19/19 MP: 5/7
   596 | D:1      | Noticed a floating eye
   598 | D:1      | Found a faded altar of an unknown god.
   602 | D:1      | Noticed a golden eye
   602 | D:1      | Noticed a golden eye
   602 | D:1      | Noticed a great orb of eyes
  1388 | D:2      | Reached XP level 4. HP: 24/24 MP: 5/8
  2204 | D:3      | Reached skill level 7 in Conjurations
  2208 | D:3      | Reached skill level 1 in Short Blades
  2222 | D:3      | Gained mutation: Your magical nature lets you fly swiftly
                  | and evasively. [Tengu growth]
  2222 | D:3      | Reached XP level 5. HP: 15/28 MP: 9/9
  2617 | D:3      | Noticed Ijyb
  2619 | D:3      | Killed from afar by Ijyb

Illustrated notes

Levels and vault maps discovered:
D:1:      tarquinn_simple_flora_water_a, layout_loops_ring,
          hellmonk_ecumenical_altar_watching_god
D:2:      layout_basic, dk_vineyard_2
D:3:      layout_basic, vehumet_crystals, makhleb_altar_promises_db,
          uniq_crazy_yiuf_cottage, uniq_ijyb

Skill      XL: |  1  2  3  4 |
---------------+-------------+-----
Conjurations   | 6 7 |  7.1
Short Blades   | 1 |  1.2
Dodging        | |  2.7
Stealth        | |  2.7
Spellcasting   | |  2.7

Action                   |  1- 3 |  4- 6 || total
-------------------------+-------+-------++-------
Melee: Short sword       |    11 |    31 ||    42
       Kick              |     5 |     6 ||    11
       Peck              |     2 |     1 ||     3
 Cast: Magic Dart        |    53 |    43 ||    96
       Searing Ray       |       |     2 ||     2
 Stab: Sleeping          |     3 |     1 ||     4
Armor: Robe              |     1 |     5 ||     6
Dodge: Dodged            |     4 |    33 ||    37
